 Dungeon Crawl Stone Soup version 0.30.0-29-ga12c61a403 (webtiles) character file.

Game seed: 9413106957269771617

104512 cheesebisquit the Severer (level 15, -6/139 HPs)
             Began as a Minotaur Berserker on June 14, 2023.
             Was an Elder of Trog.
             Mangled by a shard shrike (56 damage)
             ... in an ice cave on June 15, 2023.
             The game lasted 01:31:31 (25269 turns).

cheesebisquit the Severer (Minotaur Berserker)     Turns: 25269, Time: 01:31:32

Health: -6/139     AC: 29    Str: 41    XL:     15   Next: 92%
Magic:  24/24      EV: 13    Int:  9    God:    Trog [****..]
Gold:   280        SH: 26    Dex: 10    Spells: 14/14 levels left

rFire   . . .        t - +1 broad axe (flame)
rCold   . . .        G - +3 tower shield
rNeg    . . .        Y - +2 chain mail {rPois}
rPois   +            q - +3 hat of Pondering {ponderous, Will+ MP+10 Int+5}
rElec   .            J - +2 cloak
rCorr   .            K - +2 pair of gloves
SInv    .            c - +2 pair of boots {rampage}
Will    ++++.        a - amulet of reflection Stlth
                     r - +6 ring of strength
HPRegen 1.43/turn    P - +6 ring of strength
MPRegen 0.19/turn

%: reflection, rampage
@: strong-willed, regenerating, studying Dodging, slow
A: horns 2, retaliatory headbutt
a: Renounce Religion, Berserk, Trog's Hand, Brothers in Arms


You were in an ice cave.
You worshipped Trog.
Trog was greatly pleased with you.
You visited 3 branches of the dungeon, and saw 22 of its levels.
You also visited: Gauntlet and Ice Cave.

You collected 2558 gold pieces.
You spent 2278 gold pieces at shops.

Inventory:

Hand Weapons
 t - a +1 broad axe of flaming (weapon)
 Q - a +2 battleaxe of holy wrath
 U - a +2 morningstar of freezing
Missiles
 o - 8 poisoned darts (quivered)
 B - 6 curare-tipped darts
 C - 4 javelins
 F - 6 atropa-tipped darts
 O - a silver boomerang
 R - 2 throwing nets
 W - a boomerang
Armour
 c - a +2 pair of boots of rampaging (worn)
 q - the +3 hat of Pondering (worn) {ponderous, Will+ MP+10 Int+5}
   (You took it off Gastronok on level 1 of the Lair of Beasts)

   Int:       It affects your intelligence (+5).
   MP:        It affects your magic capacity (+10).
   Will:      It increases your willpower.
 x - a +0 plate armour
 G - a +3 tower shield (worn)
 J - a +2 cloak (worn)
 K - a +2 pair of gloves (worn)
 Y - a +2 chain mail of poison resistance (worn)
Jewellery
 a - an amulet of reflection (around neck)
 b - a ring of see invisible
 n - a ring of willpower
 r - a +6 ring of strength (left hand)
 P - a +6 ring of strength (right hand)
Wands
 j - a wand of flame (11)
 D - a wand of iceblast (22)
 H - a wand of digging (2)
 S - a wand of quicksilver (13)
 T - a wand of mindburst (8)
Scrolls
 e - 5 scrolls of magic mapping
 f - 8 scrolls of teleportation
 i - 3 scrolls of fog
 m - 5 scrolls of poison
 s - a scroll of torment
 w - 2 scrolls of blinking
 y - 4 scrolls of fear
 I - a scroll of silence
 N - a scroll of identify
 X - a scroll of vulnerability
Potions
 d - a potion of heal wounds
 g - a potion of resistance
 h - 9 potions of curing
 k - 2 potions of attraction
 l - 2 potions of lignification
 p - 5 potions of haste
 u - 2 potions of might
 v - 3 potions of berserk rage
 z - 3 potions of ambrosia
 A - 3 potions of cancellation
 E - 4 potions of brilliance
 L - 4 potions of mutation
 M - a potion of flight
 V - a potion of invisibility


   Skills:
 + Level 14.6 Fighting
 + Level 17.3 Axes
 - Level 5.0 Throwing
 + Level 14.3 Armour
 + Level 11.3 Dodging
 - Level 5.0 Stealth
 + Level 17.1 Shields
 - Level 5.0 Evocations


You had 14 spell levels left.
You didn't know any spells.
Your spell library was empty.

Dungeon Overview and Level Annotations

Branches:
Dungeon (15/15)            Temple (0/1) D:5            Lair (5/5) D:10
 Shoals (0/4) Lair:3        Snake (0/4) Lair:3        Slime (0/5) Lair:5
    Orc (2/2) D:12            Elf (0/3) Orc:2        Vaults (0/5) D:13
 Depths (0/4) D:15          IceCv (1/1)             Gauntlet (visited)

Altars:
Fedhas
Kikubaaqudgha
Makhleb
Nemelex Xobeh
Okawaru
Qazlal
Ru
Vehumet
Wu Jian
Xom
The Shining One

Shops:
D:1 (   D:8 =   Orc:1 ?   Orc:2 =(?*

Annotations:
Lair:3 2 transporters, Urgle's ghost, journeyman DjFE
Orc:1 4 transporters, bronco's ghost, journeyman DEIE


Innate Abilities, Weirdness & Mutations

You have a pair of horns on your head.
You reflexively headbutt those who attack you in melee.


Message History

Trog accepts your kill.
You slice the shard shrike!! You burn the shard shrike!
The shard shrike claws you! The shard shrike freezes you!!
Your skin crawls.
You feel strong-willed. You block the shard shrike's attack.
The shard shrike barely misses you.
You block the green ugly thing's attack.
Things that are here:
an ugly thing corpse; an ugly thing corpse You barely miss the shard shrike.
The shard shrike is severely wounded.
You slash the green ugly thing! You burn the green ugly thing.
The shard shrike barely misses you.
The white ugly thing basks in the mutagenic energy from its kin and changes!
You block the green ugly thing's attack.
You slice the shard shrike!! You burn the shard shrike.
Your headbutt misses the shard shrike.
The shard shrike is almost dead.
You slice the green ugly thing!! You burn the green ugly thing.
The shard shrike claws you. The shard shrike freezes you!!
You block the green ugly thing's attack.
You barely miss the green ugly thing.
The green ugly thing is heavily wounded.
The shard shrike spits a shard of ice at you.
The shard of ice hits you!!!
* * * LOW HITPOINT WARNING * * *
You feel much better. You block the shard shrike's attack.
You block the green ugly thing's attack.
You feel much better.
You block the purple ugly thing's attack.
The green ugly thing punches you but does no damage.
Your two-headed ogre goes berserk!
Trog will no longer gift you weapons.
The shard shrike claws you but does no damage.
The shard shrike barely misses your two-headed ogre.
The purple ugly thing closely misses you.
The brown ugly thing basks in the mutagenic energy from its kin and changes!
The shard shrike claws you! The shard shrike freezes you!!!
You die...

###.##
##.#
##.#
#..#
#.##
#.##
##O#
##b#
#u@#
#uu##
#.ku
....#
#....
##..#
#..
###


You could see a shard shrike (ally target), 4 ugly things, a rime drake and a
friendly two-headed ogre (summoned, berserk).

Vanquished Creatures
  Rupert (Orc:2)
  Gastronok (Lair:1)
  A very ugly thing (D:15)
  A stone giant (D:15)
  Nessos (Orc:2)
  A white draconian (IceCv)
  Harold (Lair:2)
  4 hydras
  The ghost of Wkid the Nimble, a journeyman GnGl of Yredelemnul (Lair:2)
  2 ice dragons (IceCv)
  3 catoblepae
  8 centaur warriors
  5 boulder beetles
  3 two-headed ogres
  Urug (D:13)
  A fire crab (Lair:5)
  Lodul (D:11)
  A skeletal warrior (D:11)
  2 wizards
  An orange crystal statue (IceCv)
  An orc knight (Orc:2)
  22 ugly things
  Pikel (D:8)
  An orc sorcerer (Orc:2)
  4 deep elf pyromancers
  4 manticores
  7 cyclopes
  7 elephants (Lair:2)
  6 black mambas
  A gargoyle (D:12)
  A guardian serpent (Lair:3)
  21 cane toads
  Psyche (D:9)
  A freezing wraith (D:15)
  An unseen horror (D:12)
  18 rime drakes
  A komodo dragon (shapeshifter) (D:13)
  7 komodo dragons
  17 polar bears
  7 trolls
  3 meliai (D:13)
  6 hornets
  5 dream sheep
  22 blink frogs
  8 slime creatures
  2 wyverns
  15 spriggans (Lair:5)
  48 yaks
  The ghost of Fodor the Covered, an amateur MiFi of the Shining One (D:4)
  4 basilisks
  A shadow (D:12)
  A vampire (D:10)
  15 humans (D:13)
  2 wraiths
  Grum (D:9)
  10 vampire mosquitoes
  Menkaure (D:4)
  A warg (Orc:2)
  14 water moccasins
  Edmund (D:6)
  An acid dragon (D:12)
  6 black bears
  34 orc warriors
  5 ice beasts
  4 boggarts (Lair:5)
  39 wolves
  17 centaurs
  15 ogres
  2 lemures (D:8)
  5 kobold brigands
  A gnoll sergeant (D:9)
  10 bullfrogs
  13 wights
  8 scorpions
  5 killer bees
  A howler monkey (D:5)
  5 electric eels
  5 jellies
  11 orc priests
  Jessica (D:2)
  4 iguanas
  A sleepcap (D:5)
  5 hell rats (Lair:5)
  16 orc wizards
  Robin (D:4)
  7 adders
  11 gnolls
  A shadow imp (D:8)
  3 white imps
  A worm (D:5)
  3 dart slugs
  56 orcs
  A bat zombie (D:5)
  18 endoplasms
  7 giant cockroaches
  8 goblins
  10 hobgoblins
  25 kobolds
  A quokka (D:2)
  7 ball pythons
  3 bats
  3 frilled lizards
  4 rats
  A rat zombie (D:5)
  A butterfly (Lair:2)
716 creatures vanquished.

Vanquished Creatures (collateral kills)
  A dancing weapon (Lair:2)
  2 ugly things (D:15)
  2 oklob plants
  A human (D:13)
6 creatures vanquished.

Grand Total: 722 creatures vanquished

Notes
Turn   | Place    | Note
-------+----------+-------------------------------------------
     0 | D:1      | cheesebisquit the Minotaur Berserker began the quest for
                  | the Orb.
     0 | D:1      | Reached XP level 1. HP: 19/19 MP: 0/0
    56 | D:1      | Found Pumneq's Antique Weapon Emporium.
   398 | D:1      | Reached XP level 2. HP: 27/27 MP: 1/1
   849 | D:2      | Reached XP level 3. HP: 33/33 MP: 2/2
   863 | D:2      | Found a faded altar of an unknown god.
  1037 | D:2      | Noticed Jessica
  1039 | D:2      | Killed Jessica
  1040 | D:2      | Reached skill level 5 in Axes
  1040 | D:2      | Reached XP level 4. HP: 40/40 MP: 3/3
  1516 | D:3      | Noticed an ogre
  1522 | D:3      | Killed an ogre
  1523 | D:3      | Reached XP level 5. HP: 47/47 MP: 4/4
  1636 | D:3      | Found an ornate altar of the Wu Jian Council.
  2023 | D:4      | Reached skill level 5 in Fighting
  2145 | D:4      | Reached ** piety under Trog
  2153 | D:4      | Reached XP level 6. HP: 54/56 MP: 5/5
  2436 | D:4      | Found a runed translucent door.
  2447 | D:4      | Noticed Fodor's ghost (amateur MiFi)
  2514 | D:4      | Noticed Robin
  2520 | D:4      | Killed Robin
  2638 | D:4      | Noticed Menkaure
  2646 | D:4      | Killed Menkaure
  2761 | D:4      | Noticed a water moccasin
  2765 | D:4      | Reached skill level 5 in Armour
  2765 | D:4      | Reached XP level 7. HP: 62/62 MP: 6/6
  3120 | D:5      | Entered Level 5 of the Dungeon
  3360 | D:5      | Found a staircase to the Ecumenical Temple.
  3798 | D:5      | Reached XP level 8. HP: 66/71 MP: 7/7
  3852 | D:5      | Found an ancient bone altar of Kikubaaqudgha.
  4791 | D:6      | Identified the +0 robe of Cynicism {Slay+3}
  4842 | D:6      | Noticed Edmund
  4849 | D:6      | Killed Edmund
  5566 | D:7      | Reached skill level 10 in Axes
  5771 | D:7      | Found a runed translucent door.
  5774 | D:7      | Found a runed translucent door.
  5847 | D:7      | Found a shimmering altar of Xom.
  5966 | D:7      | Reached XP level 9. HP: 60/81 MP: 8/8
  6175 | D:7      | You fall into a shaft and drop 2 floors!
  6332 | D:9      | Noticed Grum
  6351 | D:9      | Killed Grum
  6603 | D:9      | Reached XP level 10. HP: 68/91 MP: 9/9
  7507 | D:7      | Found a shimmering altar of Xom.
  8404 | D:8      | Found a glowing golden altar of the Shining One.
  8439 | D:8      | Found Liebb's Jewellery Emporium.
  8444 | D:8      | Bought an amulet of regeneration for 300 gold pieces
  8521 | D:8      | Noticed Pikel
  8535 | D:8      | Killed Pikel
  8536 | D:8      | Reached skill level 10 in Fighting
  9448 | D:8      | Reached skill level 10 in Armour
  9628 | D:9      | Found a sacrificial altar of Ru.
  9744 | D:9      | Found a stormy altar of Qazlal.
  9747 | D:9      | Found an iron altar of Okawaru.
  9749 | D:9      | Found a sparkling altar of Nemelex Xobeh.
  9768 | D:9      | Noticed Psyche
  9777 | D:9      | Killed Psyche
  9778 | D:9      | Reached skill level 1 in Shields
  9915 | D:9      | Found a faded altar of an unknown god.
 10224 | D:10     | Entered Level 10 of the Dungeon
 10241 | D:10     | Reached XP level 11. HP: 93/101 MP: 10/10
 10411 | D:10     | Found a staircase to the Lair.
 10848 | D:10     | Found a blossoming altar of Fedhas.
 10849 | D:10     | Found a radiant altar of Vehumet.
 11306 | D:8      | Bought a +6 ring of strength for 360 gold pieces
 11418 | D:11     | Reached skill level 5 in Shields
 11793 | D:11     | Noticed a boulder beetle
 11811 | D:11     | Killed a boulder beetle
 12145 | D:12     | Noticed a deep elf pyromancer
 12215 | D:12     | Noticed a two-headed ogre
 12221 | D:12     | Killed a two-headed ogre
 12249 | D:12     | Noticed Lodul
 12300 | D:12     | Noticed a two-headed ogre
 12306 | D:12     | Killed a two-headed ogre
 12458 | D:12     | Noticed a boulder beetle
 12492 | D:11     | Killed a boulder beetle
 12526 | D:11     | Killed a deep elf pyromancer
 12527 | D:11     | Reached skill level 10 in Shields
 12642 | D:12     | Noticed a deep elf pyromancer
 12738 | D:12     | Noticed a skeletal warrior
 12746 | D:11     | Killed Lodul
 12747 | D:11     | Reached XP level 12. HP: 110/110 MP: 11/11
 13111 | D:12     | Found a staircase to the Orcish Mines.
 13601 | D:4      | Killed Fodor's ghost
 13881 | Lair:1   | Entered Level 1 of the Lair of Beasts
 13912 | Lair:1   | Noticed Gastronok
 13920 | Lair:1   | Found a gate leading to a gauntlet.
 13933 | Lair:1   | Killed Gastronok
 13982 | Gauntlet | Entered a Gauntlet
 13982 | Gauntlet | Found a transporter.
 13982 | Gauntlet | Found a transporter.
 13984 | Gauntlet | Noticed a tengu warrior
 13992 | Gauntlet | Found a transporter.
 14004 | Gauntlet | Found a transporter.
 14018 | Gauntlet | Noticed an entropy weaver
 14022 | Gauntlet | Found a transporter.
 14022 | Gauntlet | Found a transporter.
 14022 | Gauntlet | Found a transporter.
 14024 | Gauntlet | Found a transporter.
 14024 | Gauntlet | Found a transporter.
 14037 | Gauntlet | Found a transporter.
 14051 | Gauntlet | Noticed a dire elephant
 14053 | Gauntlet | Found a transporter.
 14063 | Gauntlet | Found a transporter.
 14078 | Gauntlet | Found a transporter.
 14113 | Gauntlet | Found a transporter.
 14460 | Lair:1   | Reached skill level 15 in Shields
 15019 | Lair:2   | Noticed an eight-headed hydra
 15029 | Lair:2   | Killed an eight-headed hydra
 15070 | Lair:2   | Reached skill level 15 in Axes
 15239 | Lair:2   | Noticed Harold
 15244 | Lair:2   | Reached XP level 13. HP: 109/116 MP: 12/12
 15251 | Lair:2   | Killed Harold
 15548 | Lair:2   | Found the amulet of Elemental Vulnerability {rPois rF--
                  | rC-- AC+8}
 15603 | Lair:2   | Found a runed translucent door.
 15603 | Lair:2   | Found a shimmering altar of Xom.
 15603 | Lair:2   | Noticed Wkid's ghost (journeyman GnGl)
 15604 | Lair:2   | Identified the +5 quarterstaff "Kumyustri" {chaos, Fly
                  | rPois rF++ Int-2}
 15722 | Lair:2   | Reached skill level 1 in Throwing
 15765 | Lair:2   | Reached skill level 1 in Stealth
 16272 | Lair:3   | Found a transporter.
 16291 | Lair:3   | Reached skill level 1 in Evocations
 16461 | Lair:3   | Reached *** piety under Trog
 16630 | Lair:3   | Noticed Urgle's ghost (journeyman DjFE)
 16645 | Lair:3   | Found a staircase to the Snake Pit.
 16661 | Lair:3   | Found a staircase to the Shoals.
 16788 | Lair:3   | Found a transporter.
 17978 | Lair:4   | Reached **** piety under Trog
 18413 | Lair:5   | Entered Level 5 of the Lair of Beasts
 18522 | Lair:5   | Found a burning altar of Makhleb.
 18608 | Lair:5   | Found a staircase to the Slime Pits.
 18637 | Lair:5   | Reached skill level 5 in Dodging
 18637 | Lair:5   | Reached XP level 14. HP: 126/126 MP: 13/13
 19412 | Lair:5   | Reached skill level 5 in Throwing
 19985 | Lair:2   | Killed Wkid's ghost
 20228 | Orc:1    | Entered Level 1 of the Orcish Mines
 20241 | Orc:1    | Found Larauh's Magic Scroll Emporium.
 20305 | Orc:1    | Noticed bronco's ghost (journeyman DEIE)
 20312 | Orc:1    | Bought a scroll of identify for 30 gold pieces
 20312 | Orc:1    | Bought a scroll of enchant weapon for 112 gold pieces
 20312 | Orc:1    | Bought a scroll of enchant armour for 112 gold pieces
 20386 | Orc:1    | Found a transporter.
 20396 | Orc:1    | Found a transporter.
 20672 | Orc:1    | Noticed an orc warlord
 20673 | Orc:1    | Found a transporter.
 20694 | Orc:1    | Found a transporter.
 20742 | Orc:2    | Entered Level 2 of the Orcish Mines
 20755 | Orc:2    | Reached skill level 5 in Evocations
 20923 | Orc:2    | Found a staircase to the Elven Halls.
 21069 | Orc:2    | Reached skill level 5 in Stealth
 21087 | Orc:2    | Reached ***** piety under Trog
 21182 | Orc:2    | Noticed Nessos
 21197 | Orc:2    | Killed Nessos
 21206 | Orc:2    | Noticed Rupert
 21237 | Orc:2    | Killed Rupert
 21370 | Orc:2    | Paralysed by an orc sorcerer for 2 turns
 21654 | Orc:2    | Found Huepapoz's Magic Scroll Shop.
 21654 | Orc:2    | Found Faq Wor's Antique Weapon Emporium.
 21656 | Orc:2    | Found Deror's Jewellery Shoppe.
 21658 | Orc:2    | Found Jani's General Store.
 21759 | Orc:2    | Bought a scroll of acquirement for 780 gold pieces
 21761 | Orc:2    | Acquired a manual of Dodging
 21772 | Orc:2    | Bought a scroll of enchant armour for 112 gold pieces
 21772 | Orc:2    | Bought a scroll of enchant armour for 112 gold pieces
 21777 | Orc:2    | Bought an amulet of reflection for 360 gold pieces
 21899 | D:13     | Noticed Urug
 21899 | D:13     | Found a gate to the Vaults.
 21914 | D:13     | Killed Urug
 21995 | D:13     | Reached XP level 15. HP: 136/136 MP: 14/14
 22241 | D:13     | Found a radiant altar of Vehumet.
 23835 | D:15     | Entered Level 15 of the Dungeon
 23873 | D:15     | Found a staircase to the Depths.
 24131 | D:15     | Found a frozen archway.
 24143 | D:15     | Reached skill level 10 in Dodging
 24174 | IceCv    | Entered an ice cave
 24609 | IceCv    | Received a gift from Trog
 25246 | IceCv    | Noticed a shard shrike
 25269 | IceCv    | Mangled by a shard shrike

Illustrated notes

Levels and vault maps discovered:
D:1:      wheals_arrival_shading, layout_loops_ring, serial_shops, shop,
          hangedman_abyss_or_decor_stabs, chequers_decorated_corner
D:2:      layout_basic, hellmonk_ecumenical_altar_blasted,
          minmay_misc_feat_doors, uniq_jessica
D:3:      layout_basic, mainiacjoe_overflow_cross_hatched
D:4:      layout_loops_ring, ebering_ghost_reflecting_pool,
          chequers_serial_rivers_room_a, amcnicky_mini_rare_corridor_liquid,
          minmay_box_of_dots, uniq_menkaure, uniq_robin
D:5:      minmay_general_purpose_star, layout_loops_ring,
          lemuel_zombie_altar_kikubaaqudgha, lemuel_temple_firewalk_b
D:6:      layout_layer_cave, uniq_edmund
D:7:      lemuel_insect_pit, layout_basic, overflow_temple_1_default,
          nicolae_water_bricks
D:8:      layout_basic, tso_altar, serial_shops, shop, minmay_parallelograms,
          supply_closet_lemuel, kennysheep_opposing_triangles, uniq_pikel
D:9:      layout_irregular_city, nicolae_ru_sacrificial_ziggurat,
          nicolae_overflow_hidden_temple, serial_column_ruins, column_ruins_hut,
          column_ruins_temple_hut, column_ruins_grid_3,
          column_ruins_columns_straight, column_ruins_grid_1,
          column_ruins_columns_straight, kennysheep_doodads, uniq_grum,
          uniq_psyche
D:10:     layout_stronghold, nicolae_overflow_squiral, dpeg_oklobed_lair
D:11:     layout_basic, water_boxes_lemuel
D:12:     layout_big_octagon, orc_0_dummy, minmay_increasing_density, uniq_lodul
D:13:     layout_loops_corners, david_vaults_3, fiery_altar_vehumet
D:14:     layout_irregular_city
D:15:     grunt_enter_depths_giant_problem, layout_basic,
          nicolae_concentric_dashed_squares_wild,
          portal_ice_cave_entry_ugly_swarm, grunt_ministairs_14
Lair:1:   layout_cave_pods, gauntlet_entry_generic, uniq_gastronok
Lair:2:   layout_cave_pods, ebering_ghost_xom, wad_woods_river_04,
          beast_lair_carwin_6, serial_bayou_shore_b, lemuel_fruit_fields,
          infiniplex_staircase_pool, uniq_harold
Lair:3:   layout_chaotic_city, elwin_shoals_entry_rocks,
          minmay_snake_entry_spellcaster, nzn_ghost_randoct, grunt_megastairs_5
Lair:4:   lemuel_slime, layout_cave_pods, pdpol_lair_neglected_garden,
          serial_bayou_shore_a, serial_bayou_shore_b
Lair:5:   minmay_lair_end_enchanted_forest, layout_regular_city, slime_entry_1,
          lemuel_oklob_altar, infiniplex_staircase_pool_2
Orc:1:    gammafunk_beogh_shrine, layout_caves, serial_shops, shop,
          gammafunk_ghost_arena, guppyfry_library_mini
Orc:2:    st_orc_rangers, layout_diamond_mine, uniq_rupert, uniq_nessos
IceCv:    ice_cave_caverns_03

Skill      XL: |  1  2  3  4  5  6  7  8  9 10 11 12 13 14 15 |
---------------+----------------------------------------------+-----
Axes           | 4 5 6 7 8 10 12 14 15 16 17 | 17.3
Fighting       | 4 5 6 7 9 10 11 12 13 14 | 14.6
Armour         | 3 4 5 7 9 10 11 13 14 | 14.3
Shields        | 1 11 16 17 | 17.1
Throwing       | 3 5 |  5.0
Stealth        | 3 5 |  5.0
Evocations     | 3 5 |  5.0
Dodging        | 5 8 11 | 11.3

Action                     |  1- 3 |  4- 6 |  7- 9 | 10-12 | 13-15 || total
---------------------------+-------+-------+-------+-------+-------++-------
  Melee: Hand axe          |    57 |   105 |   199 |   276 |       ||   637
         Headbutt          |    11 |    15 |    31 |   131 |   250 ||   438
         Punch             |       |       |     7 |       |       ||     7
         War axe           |       |       |       |   261 |   796 ||  1057
         Morningstar       |       |       |       |     4 |    14 ||    18
         Broad axe         |       |       |       |       |   296 ||   296
  Throw: Dart              |       |     4 |    16 |    38 |     9 ||    67
         Boomerang         |       |       |     4 |    43 |   105 ||   152
         Throwing net      |       |       |     2 |     1 |     2 ||     5
 Invoke: Berserk           |     2 |     4 |     9 |    15 |     7 ||    37
         Trog's Hand       |       |     3 |     7 |    17 |    18 ||    45
         Brothers in Arms  |       |       |       |       |     8 ||     8
    Use: Scroll            |       |       |    10 |    15 |    13 ||    38
         Potion            |       |       |       |       |     5 ||     5
   Stab: Petrifying        |       |       |       |       |     1 ||     1
         Petrified         |       |       |       |       |     1 ||     1
 Armour: Scale mail        |    20 |    10 |       |       |       ||    30
         Chain mail        |       |    22 |    83 |   226 |   313 ||   644
  Dodge: Dodged            |    26 |    42 |    91 |   145 |   250 ||   554
  Block: Kite shield       |       |       |       |    27 |       ||    27
         Tower shield      |       |       |       |   220 |  1057 ||  1277
         Reflection        |       |       |       |       |    37 ||    37
